 Dungeon Crawl Stone Soup version 0.28.0-43-g3370ac3207 (webtiles) character file.

Game seed: 16865845626755545885

1043 terff the Cudgeller (level 8, 0/62 HPs)
             Began as a Human Fighter on Mar 30, 2022.
             Slain by a gnoll
             ... wielding a +0 flail
              (8 damage)
             ... on level 5 of the Dungeon.
             The game lasted 00:09:46 (5483 turns).

terff the Cudgeller (Human Fighter)                 Turns: 5483, Time: 00:09:47

Health: 0/62       AC:  8    Str: 18    XL:     8   Next: 49%
Magic:  17/17      EV: 11    Int:  9    God:
Gold:   213        SH:  5    Dex: 13    Spells: 7/7 levels left

rFire   . . .      SeeInvis .   a - +0 flail
rCold   + . .      Faith    .   c - +0 buckler
rNeg    . . .      Spirit   .   n - +1 ring mail of Jugipearph {+Blink rPois rC+ MP+9}
rPois   +          Reflect  .   l - +0 helmet
rElec   .          Harm     .   o - scarf {shadows}
rCorr   .          Rampage  .   (no gloves)
Will    .....                   (no boots)
Stlth   +.........              (no amulet)
HPRegen 0.20/turn               (no ring)
MPRegen 0.15/turn               (no ring)

@: no status effects
A: no striking features
a: Evoke Blink


You were on level 5 of the Dungeon.
You visited 1 branch of the dungeon, and saw 5 of its levels.

You collected 213 gold pieces.

Inventory:

Hand Weapons
 a - a +0 flail (weapon)
 r - a +2 battleaxe
Armour
 c - a +0 buckler (worn)
 h - a +0 plate armour
 l - a +0 helmet (worn)
 n - the +1 ring mail of Jugipearph (worn) {+Blink rPois rC+ MP+9}
   (You found it on level 3 of the Dungeon)

   rC:        It protects you from cold.
   rPois:     It protects you from poison.
   MP:        It affects your magic capacity (+9).
   +Blink:    It lets you blink.
 o - a scarf of shadows (worn)
Jewellery
 g - a ring of magical power
Scrolls
 b - 2 scrolls of fear
 f - a scroll of immolation {unknown}
 i - 2 scrolls of enchant weapon
 k - 2 scrolls of magic mapping
 m - a scroll of vulnerability
Potions
 d - a potion of might
 e - 2 potions of heal wounds
 j - a potion of degeneration
 p - a potion of lignification
 q - a potion of brilliance


   Skills:
 * Level 5.1 Fighting
 + Level 6.1 Maces & Flails
 + Level 5.2 Armour
 + Level 2.0 Dodging
 + Level 0.3 Stealth
 + Level 4.3 Shields


You had 7 spell levels left.
You didn't know any spells.
Your spell library contained the following spells:

 Spells                   Type           Power      Damage    Failure   Level
 Animate Skeleton         Necr           0%         N/A       65%         1
 Pain                     Necr           0%         1d4       65%         1
 Tukima's Dance           Hex            0%         N/A       95%         3
 Vampiric Draining        Necr           0%         2d6       95%         3
 Anguish                  Hex/Necr       0%         N/A       100%        4
 Enfeeble                 Hex            0%         N/A       100%        7


Dungeon Overview and Level Annotations

Branches:
Dungeon (5/15)             Temple (0/1) D:5

Altars:
Uskayaw

Shops:
D:5 (


Message History

The gnoll hits you with a +0 flail.
You sock the gnoll sergeant!
The gnoll sergeant is severely wounded.
The gnoll sergeant hits you but does no damage.
The gnoll hits you with a +0 spear. You block the gnoll's attack.
The gnoll hits you with a +0 flail.
The gnoll sergeant hits you with a +0 spear.
You hit the gnoll sergeant.
The gnoll sergeant is severely wounded.
You block the gnoll's attack. The gnoll barely misses you.
You block the gnoll's attack.
The gnoll sergeant hits you with a +0 spear.
You block the gnoll's attack.
You hit the gnoll sergeant but do no damage.
The gnoll sergeant is severely wounded.
The gnoll barely misses you. The gnoll hits you but does no damage.
The gnoll sergeant hits you but does no damage.
You block the gnoll's attack. The gnoll hits you but does no damage.
You hit the gnoll sergeant but do no damage.
The gnoll sergeant is severely wounded.
You block the gnoll's attack.
The gnoll sergeant hits you with a +0 spear.
The gnoll hits you but does no damage. You block the gnoll's attack.
The gnoll hits you but does no damage.
You sock the gnoll sergeant!
You kill the gnoll sergeant!
The gnoll hits you with a +0 spear. The gnoll completely misses you.
The gnoll hits you with a +0 flail.
Your Dodging skill increases to level 2!
The gnoll hits you with a +0 spear!
* * * LOW HITPOINT WARNING * * *
Things that are here:
a +0 spear; a +0 ring mail You hit the gnoll but do no damage.
The gnoll hits you with a +0 spear.
* * * LOW HITPOINT WARNING * * *
The gnoll hits you but does no damage. You block the gnoll's attack.
You thump the gnoll!
The gnoll is severely wounded.
The gnoll hits you but does no damage. The gnoll hits you with a +0 flail!
You die...

*,*,****,*,*#.....######...
*,*,**<*,*,*#.............)
*,*,,,,*,#.##.....######...
*,******,#.##.....# ###.
*,,,,,,,,#.#....###### #.
******####.#.........######
#....g...............
#....#.........######
#...@g..........#.#.#
#...g#.#.#.....#.#.#.
###.#.#.#.#...(.#.#.#
##(#.#.#.....#.....
#.....#.#.......###
#....#.#......###..
#.....#.#.#.#.#...#
*,,,,*.#.#.#..+._.#
*,,,,,*.#.#.#.*...#


You could see 3 gnolls.

Vanquished Creatures
  Sigmund (D:3)
  Menkaure (D:5)
  A black bear (D:5)
  A gnoll sergeant (D:5)
  3 wights
  3 hounds
  A jelly (D:5)
  An orc priest (D:5)
  3 iguanas
  An orc wizard (D:5)
  A killer bee zombie (D:5)
  A hound skeleton (D:4)
  Robin (D:3)
  8 adders
  4 gnolls (D:2)
  An ufetubus (D:5)
  2 dart slugs (D:2)
  2 orcs
  3 endoplasms
  A giant cockroach (D:1)
  11 goblins
  11 hobgoblins
  6 jackals
  3 quokkas
  2 ball pythons
  A frilled lizard (D:3)
  4 kobolds
  3 rats
81 creatures vanquished.

Vanquished Creatures (others)
  An adder (D:5)
  A frilled lizard (D:2)
2 creatures vanquished.

Grand Total: 83 creatures vanquished

Notes
Turn   | Place    | Note
-------+----------+-------------------------------------------
     0 | D:1      | terff the Human Fighter began the quest for the Orb.
     0 | D:1      | Reached XP level 1. HP: 18/18 MP: 1/1
   423 | D:1      | Found a faded altar of an unknown god.
   800 | D:1      | Reached XP level 2. HP: 23/24 MP: 2/2
  1257 | D:2      | Reached XP level 3. HP: 22/29 MP: 3/3
  1473 | D:2      | Noticed Robin
  1737 | D:3      | Killed Robin
  1738 | D:3      | Reached XP level 4. HP: 15/36 MP: 4/4
  1745 | D:3      | Noticed Sigmund
  2285 | D:2      | Reached XP level 5. HP: 42/42 MP: 5/5
  2444 | D:3      | Reached skill level 3 in Maces & Flails
  2532 | D:3      | Killed Sigmund
  2533 | D:3      | Reached skill level 4 in Maces & Flails
  2533 | D:3      | Reached XP level 6. HP: 36/48 MP: 6/6
  2965 | D:3      | Identified the +1 ring mail of Jugipearph {+Blink rPois rC+
                  | MP+9}
  3376 | D:4      | Reached XP level 7. HP: 48/55 MP: 7/7
  3831 | D:4      | Reached skill level 5 in Maces & Flails
  4015 | D:5      | Entered Level 5 of the Dungeon
  4451 | D:5      | Found Noruxkat's Weapon Boutique.
  4631 | D:5      | Reached skill level 5 in Armour
  4631 | D:5      | Reached skill level 1 in Dodging
  4631 | D:5      | Reached XP level 8. HP: 15/61 MP: 8/8
  4879 | D:5      | Noticed a +0 short sword
  4879 | D:5      | Noticed a +0 spear
  4880 | D:5      | Noticed a +0 falchion
  4880 | D:5      | Noticed a +0 dagger
  4880 | D:5      | Noticed a +0 spear
  4880 | D:5      | Noticed a +0 dagger
  4880 | D:5      | Noticed a +0 short sword
  4882 | D:5      | Noticed a +0 falchion
  4897 | D:5      | Found a hide-covered altar of Uskayaw.
  4994 | D:5      | Reached skill level 6 in Maces & Flails
  5088 | D:5      | Noticed Menkaure
  5100 | D:5      | HP: 1/61 [Menkaure (9)]
  5102 | D:5      | Killed Menkaure
  5103 | D:5      | Reached skill level 5 in Fighting
  5483 | D:5      | Slain by a gnoll

Illustrated notes

Levels and vault maps discovered:
D:1:      wander_arrival_desolate, layout_basic,
          ebering_ecumenical_altar_abandoned, chequers_mini_garden
D:2:      layout_rooms, uniq_robin
D:3:      layout_rooms, uniq_sigmund
D:4:      layout_cave_pools
D:5:      layout_basic, nicolae_uskayaw_en_pointe, lemuel_temple_firewalk_b,
          serial_shops, nicolae_shop_window_shopping, uniq_menkaure

Skill      XL: |  1  2  3  4  5  6  7  8 |
---------------+-------------------------+-----
Maces & Flails | 4 5 6 |  6.1
Fighting       | 4 5 |  5.1
Armour         | 4 5 |  5.2
Dodging        | 1 2 |  2.0
Shields        | 4 |  4.3
Stealth        | |  0.3

Action                   |  1- 3 |  4- 6 |  7- 9 || total
-------------------------+-------+-------+-------++-------
Melee: Flail             |    59 |   154 |   178 ||   391
  Use: Scroll            |     2 |     6 |     3 ||    11
       Potion            |       |     1 |       ||     1
Armor: Scale mail        |     5 |       |       ||     5
       Plate armour      |    46 |   121 |       ||   167
       Ring mail         |       |    24 |   113 ||   137
Dodge: Dodged            |    27 |    61 |    98 ||   186
Block: Buckler           |    13 |    54 |    74 ||   141
